 Dungeon Crawl Stone Soup version 0.25-a0-785-gb22c70e859 (webtiles) character file.

Game seed: 13826503549835426888, levelgen mode: deterministic

44 tilp the Bolt Thrower (level 3, -1/20 HPs)
             Began as a Kobold Arcane Marksman on Apr 17, 2020.
             Slain by a howler monkey (3 damage)
             ... on level 2 of the Dungeon.
             The game lasted 00:03:48 (1527 turns).

tilp the Bolt Thrower (Kobold Arcane Marksman)      Turns: 1527, Time: 00:03:49

Health: -1/20      AC:  5    Str:  8    XL:     3   Next: 87%
Magic:  4/4        EV: 14    Int: 14    God:
Gold:   85         SH:  0    Dex: 15    Spells: 1/4 levels left

rFire    . . .     SeeInvis .   a - +0 hand crossbow
rCold    . . .     Gourm    .   (shield restricted)
rNeg     . . .     Faith    .   l - +0 leather armour
rPois    .         Spirit   .   m - +1 helmet
rElec    .         Reflect  .   (no cloak)
rCorr    .         Harm     .   (no gloves)
MR       .....                  (no boots)
Stlth    +.........             (no amulet)
HPRegen  0.06/turn              (no ring)
MPRegen  0.09/turn              (no ring)

@: very slightly contaminated
A: small, carnivore
a: no special abilities


You were on level 2 of the Dungeon.
You were completely stuffed.

You visited 1 branch of the dungeon, and saw 2 of its levels.

You collected 85 gold pieces.

Inventory:

Hand Weapons
 a - a +0 hand crossbow (weapon)
 b - a +0 hand axe
Missiles
 d - 12 bolts (quivered)
 e - 44 arrows
Armour
 l - a +0 leather armour (worn)
 m - a +1 helmet (worn)
Scrolls
 g - a scroll of enchant armour {unknown}
 h - a scroll of blinking {unknown}
 j - a scroll of enchant weapon {unknown}
Potions
 f - a potion of heal wounds {unknown}
 k - a potion of magic
Comestibles
 c - 6 rations
 i - 2 chunks of flesh


   Skills:
 - Level 1.1 Fighting
 + Level 4.7 Crossbows
 - Level 2.4 Dodging
 - Level 1.1 Spellcasting
 - Level 3.0 Hexes


You had one spell level left.
You knew the following spells:

 Your Spells              Type           Power        Failure   Level  Hunger
a - Corona                Hex            #......      11%         1    ##.....
b - Slow                  Hex            #.......     17%         2    ###....

Your spell library contained the following spells:

 Spells                   Type           Power        Failure   Level  Hunger
 Inner Flame              Hex/Fire       #.......     52%         3    ####...
 Portal Projectile        Hex/Tloc       #.....       52%         3    ####...
 Cause Fear               Hex            #.........   73%         4    #####..
 Leda's Liquefaction      Hex/Erth       #.........   90%         4    #####..


Dungeon Overview and Level Annotations

Branches:
Dungeon (2/15)

Altars:
Sif Muna


Innate Abilities, Weirdness & Mutations

You are small and have problems with some larger weapons.
You are carnivorous and can eat meat at any time.


Message History

Aiming: Corona (safe; 11% risk of failure)
Press: ? - help, Shift-Dir - straight line, f/p - howler monkey
Aim: a howler monkey (chance to defeat MR: 52%)
The howler monkey is outlined in light.
The howler monkey hits you!
* * * LOW HITPOINT WARNING * * *
Casting: Corona (safe; 11% risk of failure)
Confirm with . or Enter, or press ? or * to list all spells.
Aiming: Slow (safe; 17% risk of failure)
Press: ? - help, Shift-Dir - straight line, f/p - howler monkey
Aim: a howler monkey (softly glowing, chance to defeat MR: 52%)
You miscast Slow.
You are very lightly contaminated with residual magic.
Nothing appears to happen.
The howler monkey hits you.
* * * LOW HITPOINT WARNING * * *
The howler monkey hoots and howls with incredible vigour!
Okay, then.
It was a potion of magic.
Magic courses through your body.
The howler monkey hits you but does no damage.
The howler monkey hits you.
You die...

######..#.....(..###.######
........####.###.....#
...........).# #######
######.###### #.#### #....#
#####.### #.......#
#..##@#.# #[.##h#.# #..#..#
# #..#.##.# #.......#
####.#### #.# #!# #.#


You could see a howler monkey.

Vanquished Creatures
  An adder (D:2)
  An ooze (D:1)
  4 bats
  A giant cockroach (D:2)
  A goblin (D:2)
  9 hobgoblins
  3 kobolds
  2 quokkas (D:2)
  A ball python (D:1)
  A frilled lizard (D:1)
  7 rats
31 creatures vanquished.

Notes
Turn   | Place    | Note
-------+----------+-------------------------------------------
     0 | D:1      | tilp the Kobold Arcane Marksman began the quest for the
                  | Orb.
     0 | D:1      | Reached XP level 1. HP: 12/12 MP: 2/2
   166 | D:1      | Reached skill level 3 in Crossbows
   179 | D:1      | Reached XP level 2. HP: 11/16 MP: 1/3
   282 | D:1      | Learned a level 2 spell: Slow
   731 | D:1      | Reached skill level 4 in Crossbows
   731 | D:1      | Reached XP level 3. HP: 19/20 MP: 4/4
  1145 | D:2      | Found a shimmering blue altar of Sif Muna.
  1527 | D:2      | Slain by a howler monkey

Levels and vault maps discovered:
D:1:      nicolae_arrival_washed_ashore, layout_rooms
D:2:      layout_loops_cross, old_standard_altar

Skill      XL: |  1  2 |
---------------+-------+-----
Crossbows      | 3 4 |  4.7
Fighting       | |  1.1
Dodging        | |  2.4
Spellcasting   | |  1.1
Hexes          | |  3.0

Action                   || total
-------------------------++-------
Melee: Hand axe          ||    87
 Fire: Hand crossbow     ||    23
 Cast: Corona            ||    15
  Use: Potion            ||     1
  Eat: Chunk             ||    11
Armor: Robe              ||     5
       Leather armour    ||     7
Dodge: Dodged            ||    77

Table legend:
 A = Non-vault XP
 B = Vault XP
 C = Vault XP percentage of total XP
 D = Non-vault monster count
 E = Vault monster count
 F = Vault count percentage of total count
                 A         B        C        D         E       F
            +---------+---------+-------+---------+---------+-------
      Total |      64 |       0 |   0.0 |      31 |       0 |   0.0
            +---------+---------+-------+---------+---------+-------
        D:1 |      30 |       0 |   0.0 |      16 |       0 |   0.0
        D:2 |      34 |       0 |   0.0 |      15 |       0 |   0.0
            +---------+---------+-------+---------+---------+-------
